 Dungeon Crawl Stone Soup version 0.29.1-15-g9cfb28693d (webtiles) character file.

Game seed: 5968879293917443103

25221 Peloso the Carver (level 12, -10/110 HPs)
             Began as a Minotaur Fighter on Apr 15, 2023.
             Was an Elder of Okawaru.
             Mangled by a death yak simulacrum (37 damage)
             ... in a Gauntlet.
             The game lasted 00:40:53 (19502 turns).

Peloso the Carver (Minotaur Fighter)               Turns: 19502, Time: 00:40:57

Health: -10/110    AC: 29    Str: 29    XL:     12   Next: 87%
Magic:  11/13      EV: 11    Int:  5    God:    Okawaru [****..]
Gold:   851        SH: 19    Dex: 13    Spells: 11/11 levels left

rFire   . . .      SeeInvis .   a - +2 double sword (holy)
rCold   . . .      Faith    .   d - +0 kite shield
rNeg    . . .      Spirit   .   m - +5 plate armour "Ylucug" {Will+}
rPois   +          Reflect  +   (helmet restricted)
rElec   .          Harm     .   S - +2 cloak
rCorr   .          Rampage  .   (no gloves)
Will    +....      NoTele   +   k - +0 pair of boots
Stlth   ..........              F - amulet of reflection
HPRegen 0.28/turn               x - +6 ring of strength
MPRegen 0.13/turn               E - ring of poison resistance

@: heroic
A: horns 2, retaliatory headbutt
a: Renounce Religion, Heroism, Finesse


You were in a Gauntlet.
You worshipped Okawaru.
Okawaru was greatly pleased with you.
You visited 3 branches of the dungeon, and saw 15 of its levels.
You also visited: Trove, Sewer and Gauntlet.

You collected 960 gold pieces.
You spent 109 gold pieces at shops.

Inventory:

Hand Weapons
 a - a +2 double sword of holy wrath (weapon)
 b - a +0 whip of flaming
 c - a +0 long sword
Missiles
 D - a throwing net (quivered)
Armour
 d - a +0 kite shield (worn)
 k - a +0 pair of boots (worn)
 m - the +5 plate armour "Ylucug" (worn) {Will+}
   (You found it in a Gauntlet)

   Will:      It increases your willpower.
 B - a +0 plate armour
 S - a +2 cloak (worn)
Jewellery
 l - a ring of protection from cold
 x - a +6 ring of strength (left hand)
 A - a ring of willpower
 E - a ring of poison resistance (right hand)
 F - an amulet of reflection (around neck)
 I - a ring of willpower
 K - a ring of see invisible
 L - the ring "Jyecuut" {Wiz Will+}
   (You found it in a treasure trove)

   [ring of wizardry]

   It improves your spell success rate.
   Will:      It increases your willpower.
 M - a ring of protection from fire
 N - a ring of ice
 O - a ring of positive energy
Wands
 p - a wand of polymorph (9)
 q - a wand of iceblast (5)
 y - a wand of flame (38)
Scrolls
 e - 4 scrolls of immolation
 f - 7 scrolls of teleportation
 n - a scroll of poison
 o - 5 scrolls of enchant armour
 r - 2 scrolls of brand weapon
 s - 2 scrolls of butterflies
 u - 2 scrolls of blinking {unknown}
 C - a scroll of summoning
 R - a scroll of torment {unknown}
Potions
 h - 3 potions of cancellation
 i - 5 potions of curing
 j - a potion of mutation
 t - 3 potions of brilliance
 v - 5 potions of flight
 w - 2 potions of heal wounds
 G - a potion of haste
 H - 3 potions of might
 J - 2 potions of resistance
 P - a potion of degeneration {unknown}
 Q - a potion of magic {unknown}


   Skills:
 + Level 11.0(16.0) Fighting
 + Level 14.8(19.8) Long Blades
 + Level 14.1(19.1) Armour
 + Level 3.7(8.7) Dodging
 + Level 1.2(6.2) Stealth
 + Level 12.2(17.2) Shields
 + Level 1.7(6.7) Unarmed Combat
 + Level 2.8 Invocations
 + Level 0.4 Evocations


You had 11 spell levels left.
You didn't know any spells.
Your spell library contained the following spells:

 Spells                   Type           Power      Damage    Failure   Level
 Apportation              Tloc           0%         N/A       98%         1
 Static Discharge         Conj/Air       0%         3-3/arc   99%         2
 Sublimation of Blood     Necr           0%         N/A       99%         2
 Wereblood                Tmut           0%         N/A       99%         2
 Conjure Flame            Conj/Fire      0%         6-21      100%        3
 Ignite Poison            Fire/Tmut/Pois 0%         N/A       100%        3
 Sticky Flame             Conj/Fire      0%         2d3       100%        4
 Alistair's Intoxication  Tmut/Pois      0%         N/A       100%        5
 Fireball                 Conj/Fire      0%         3d3       100%        5
 Lightning Bolt           Conj/Air       0%         1d11      100%        5
 Starburst                Conj/Fire      0%         6d3       100%        6
 Borgnjor's Revivificati  Necr           0%         N/A       100%        8
 Ignition                 Fire           0%         3d3       100%        8
 Maxwell's Capacitive Co  Air            0%         ∞         100%        8
 Necromutation            Tmut/Necr      0%         N/A       100%        8
 Chain Lightning          Conj/Air       0%         N/A       100%        9
 Death's Door             Necr           0%         N/A       100%        9
 Fire Storm               Conj/Fire      0%         5d1       100%        9
 Shatter                  Erth           0%         3d5*      100%        9
 Summon Hydra             Summ           Unusable   N/A       N/A         7

Dungeon Overview and Level Annotations

Branches:
Dungeon (12/15)            Temple (1/1) D:6            Lair (2/5) D:9
  Snake (0/4) Lair:2          Orc (0/2) D:9           Sewer (visited)
Gauntlet (1/1)
  Swamp: Lair:2-3    Shoals: Lair:2-3

Altars:
Ashenzari
Cheibriados
Dithmenos
Elyvilon
Fedhas
Gozag
Hepliaklqana
Kikubaaqudgha
Makhleb
Nemelex Xobeh
Okawaru
Qazlal
Ru
Sif Muna
Trog
Uskayaw
Vehumet
Wu Jian
Xom
Yredelemnul
Zin
The Shining One

Shops:
D:5 *[(   D:6 (   D:11 ?

Annotations:
D:7 Liv nascosto Gauntlet 9 transporters


Innate Abilities, Weirdness & Mutations

You have a pair of horns on your head.
You reflexively headbutt those who attack you in melee.


Message History

You feel much better. The death yak gores you.
You feel much better.
Your extra speed is starting to run out.
The death yak gores you.
You hit the death yak but do no damage.
The death yak is lightly wounded.
The death yak simulacrum gores you but does no damage.
Unknown command.
You hit the death yak.
You headbutt the death yak, but do no damage.
The death yak is lightly wounded.
The death yak gores you.
Unknown command.
You completely miss the death yak.
The death yak is lightly wounded.
You block the death yak simulacrum's attack.
Unknown command.
You hit the death yak.
The death yak is moderately wounded.
The death yak closely misses you. You furiously retaliate!
You headbutt the death yak, but do no damage.
The death yak simulacrum gores you but does no damage.
Unknown command.
You completely miss the death yak.
The death yak is lightly wounded.
The death yak simulacrum gores you. The death yak simulacrum freezes you!!
* * * LOW HITPOINT WARNING * * *
You block the death yak's attack. The death yak simulacrum gores you!
* * * LOW HITPOINT WARNING * * *
The death yak simulacrum freezes you!!
* * * LOW HITPOINT WARNING * * *
You feel much better.
You gain the combat prowess of a mighty hero.
You feel yourself slow down. You block the death yak's attack.
You block the death yak simulacrum's attack.
The death yak simulacrum gores you.
* * * LOW HITPOINT WARNING * * *
The death yak simulacrum freezes you!!!
You die...

#8#..#.##.##.#.#...##y###.#.#
###..#..###.##.#...##.##.##.#
#..#.....##©##...#y...©[?..
###..###########...##########
#8#.....#.©.#....≈....#.©.#..
###...8.#...#...≈8§...#...#.8
#.....#.©.#....≈....#.©.#..
###..###########...##########
#8#..#......@Z.#...#..≈≈...≈.
###..#^.....YZ.#...#x≈..≈..≈.
#..#..#.).#..#...#x≈.≈≈.≈≈.
###..#^........#...#≈.≈...≈.x
#8#..#....©....#...#≈..≈.≈.≈≈
###..#.........#...#x≈.≈≈≈.≈.
#..#..#...#.Y#...#X≈≈...≈.x
###..#^.......^#...#.≈...≈.≈X
#8#..#...)©.[..#...#=.≈?©=x≈x


You could see 2 death yaks and 2 death yak simulacra.

Vanquished Creatures
  Gastronok (D:9)
  2 two-headed ogres
  A catoblepas (D:9)
  4 death yaks (Gauntlet)
  Lodul (D:11)
  Pikel (D:5)
  2 ugly things
  A necromancer (Gauntlet)
  Joseph (D:9)
  A black mamba (Lair:1)
  2 gargoyles
  5 cane toads
  Psyche (D:8)
  2 komodo dragons
  2 trolls
  3 hornets
  A polar bear (Lair:2)
  Prince Ribbit (D:9)
  3 small abominations (Gauntlet)
  8 blink frogs (Lair:1)
  3 vampires
  Sigmund (D:4)
  A human (D:11)
  2 wraiths
  A basilisk (Lair:1)
  A wyvern (D:11)
  A shadow (D:11)
  4 hogs (D:11)
  29 yaks
  2 vampire mosquitoes (D:11)
  Menkaure (D:4)
  5 water moccasins
  Duvessa (D:5)
  An ice beast (D:5)
  2 orc warriors
  A sky beast (D:6)
  9 ogres
  A centaur (D:8)
  A lemure (D:6)
  2 phantoms
  5 kobold brigands
  3 bullfrogs
  2 gnoll sergeants
  2 necrophages
  6 scorpions
  10 wights
  Dowan (D:5)
  5 killer bees (D:8)
  3 howler monkeys
  2 hounds
  2 jellies
  Crazy Yiuf (D:3)
  6 orc priests
  A gnoll bouda (D:8)
  2 iguanas
  3 orc wizards
  14 gnolls
  5 adders
  4 river rats
  A shadow imp (D:7)
  A white imp (D:7)
  2 ufetubi (D:5)
  4 worms
  5 dart slugs
  37 orcs
  8 ball pythons
  8 endoplasms
  2 giant cockroaches
  6 goblins
  10 hobgoblins
  8 jackals
  29 kobolds
  6 quokkas
  7 bats
  9 rats
332 creatures vanquished.

Vanquished Creatures (others)
  A gnoll (D:8)
  2 fungi (Lair:2)
  24 withered plants (Gauntlet)
27 creatures vanquished.

Grand Total: 359 creatures vanquished

Notes
Turn   | Place    | Note
-------+----------+-------------------------------------------
     0 | D:1      | Peloso the Minotaur Fighter began the quest for the Orb.
     0 | D:1      | Reached XP level 1. HP: 19/19 MP: 0/0
   141 | D:1      | Reached XP level 2. HP: 27/27 MP: 1/1
   259 | D:1      | Found a faded altar of an unknown god.
   659 | D:1      | Reached XP level 3. HP: 33/33 MP: 2/2
  1874 | D:3      | Reached XP level 4. HP: 15/40 MP: 3/3
  2139 | D:3      | Found a runed translucent door.
  2140 | D:3      | Noticed Crazy Yiuf
  2257 | D:3      | Found a sparkling altar of Nemelex Xobeh.
  2934 | D:4      | Noticed a scorpion
  2944 | D:4      | Killed a scorpion
  2945 | D:4      | Reached skill level 5 in Long Blades
  2945 | D:4      | Reached XP level 5. HP: 40/46 MP: 4/4
  3005 | D:4      | Reached skill level 5 in Armour
  3085 | D:4      | Reached XP level 6. HP: 53/53 MP: 5/5
  3177 | D:4      | Reached skill level 1 in Dodging
  3177 | D:4      | Found a glowing drain.
  3204 | Sewer    | Entered a sewer
  3457 | Sewer    | Found a white marble altar of Elyvilon.
  3590 | D:4      | Noticed Sigmund
  3607 | D:4      | Killed Sigmund
  3608 | D:4      | Reached skill level 5 in Fighting
  3608 | D:4      | Reached XP level 7. HP: 53/61 MP: 6/6
  3696 | D:4      | Noticed Menkaure
  3706 | D:4      | Killed Menkaure
  3946 | D:4      | Found a burning altar of Makhleb.
  4307 | D:5      | Entered Level 5 of the Dungeon
  4393 | D:5      | Found Ruurilybb's Assorted Antiques.
  4483 | D:5      | Reached XP level 8. HP: 24/69 MP: 7/7
  4716 | D:5      | Reached skill level 5 in Shields
  4812 | D:5      | Found Cieffius's Weapon Emporium.
  5318 | D:5      | Found Itulir's Armour Boutique.
  5607 | D:6      | Noticed Pikel
  5626 | D:5      | Killed Pikel
  5879 | D:6      | Found a staircase to the Ecumenical Temple.
  5887 | Temple   | Entered the Ecumenical Temple
  6377 | D:6      | Found Kaitt's Weapon Boutique.
  6722 | D:6      | Noticed Duvessa
  6722 | D:6      | Noticed Dowan
  6916 | D:5      | Killed Dowan
  6917 | D:5      | Reached XP level 9. HP: 31/78 MP: 8/8
  7317 | D:5      | Bought a scroll labelled GOLAHUA IXORUACS for 28 gold
                  | pieces
  7317 | D:5      | Bought a scroll labelled OMOSAE AHAFO for 28 gold pieces
  7317 | D:5      | Bought a scroll labelled GOLAHUA IXORUACS for 28 gold
                  | pieces
  7317 | D:5      | Bought a brown potion for 25 gold pieces
  7766 | D:7      | Paralysed by a hornet for 2 turns
  9269 | D:8      | Noticed Psyche
  9301 | D:8      | Paralysed by a hornet for 3 turns
  9315 | D:8      | Paralysed by Psyche for 5 turns
  9324 | D:8      | Killed Psyche
  9325 | D:8      | Reached skill level 10 in Armour
  9902 | D:8      | Found a stormy altar of Qazlal.
  9968 | D:8      | Reached skill level 10 in Long Blades
  9968 | D:8      | Reached XP level 10. HP: 74/88 MP: 9/9
  9980 | D:8      | Reached skill level 1 in Stealth
 10663 | D:8      | Found an iron altar of Okawaru.
 10714 | D:8      | Became a worshipper of Warmaster Okawaru
 11058 | D:9      | Noticed Gastronok
 11076 | D:9      | Killed Gastronok
 11192 | D:9      | Noticed a catoblepas
 11284 | D:9      | Found a staircase to the Orcish Mines.
 11324 | D:9      | Noticed a two-headed ogre
 11329 | D:9      | Killed a two-headed ogre
 11329 | D:9      | Reached * piety under Okawaru
 11354 | D:9      | Reached ** piety under Okawaru
 11639 | D:9      | Noticed Joseph
 11657 | D:9      | Killed Joseph
 11717 | D:9      | Found a staircase to the Lair.
 11724 | D:9      | Noticed Prince Ribbit
 11738 | D:9      | Reached XP level 11. HP: 93/95 MP: 7/10
 11796 | D:9      | Killed Prince Ribbit
 12249 | D:9      | Identified the +0 leather armour of Happiness {Regen+ MP+9
                  | Str-3 Int+10}
 12386 | D:10     | Entered Level 10 of the Dungeon
 12829 | D:10     | Reached *** piety under Okawaru
 13400 | D:11     | Noticed a two-headed ogre
 13422 | D:10     | Killed a two-headed ogre
 13423 | D:10     | Reached skill level 1 in Invocations
 13627 | D:11     | Found Kuk Meal's Magic Scroll Boutique.
 13780 | D:11     | Noticed Lodul
 14785 | D:11     | Killed Lodul
 14786 | D:11     | Reached skill level 10 in Shields
 14849 | D:11     | Noticed a brown ugly thing
 14866 | D:11     | Killed a brown ugly thing
 14867 | D:11     | Reached skill level 1 in Unarmed Combat
 14992 | D:11     | Found a portal to a secret trove of treasure.
 14998 | Trove    | Entered a treasure trove
 15041 | Trove    | Identified the +0 war axe of the Endless March {vamp,
                  | *Corrode Fly Will+ Dex+8}
 15049 | Trove    | Identified the ring "Jyecuut" {Wiz Will+}
 16071 | Lair:1   | Entered Level 1 of the Lair of Beasts
 16121 | Lair:1   | Reached skill level 10 in Fighting
 16121 | Lair:1   | Reached XP level 12. HP: 45/106 MP: 9/12
 16841 | Lair:1   | Identified the +8 long sword of Severance {venom, Drain rF+
                  | rC+ rN+ Dex+5}
 17415 | D:9      | Killed a catoblepas
 18323 | D:5      | Killed Duvessa
 18440 | D:3      | Killed Crazy Yiuf
 19100 | Lair:2   | Found a gate leading to a gauntlet.
 19109 | Gauntlet | Entered a Gauntlet
 19109 | Gauntlet | Found a transporter.
 19109 | Gauntlet | Found a transporter.
 19109 | Gauntlet | Found a transporter.
 19110 | Gauntlet | Found a transporter.
 19113 | Gauntlet | Found a transporter.
 19121 | Gauntlet | Noticed a death yak
 19121 | Gauntlet | Noticed a death yak
 19121 | Gauntlet | Noticed a death yak
 19122 | Gauntlet | Noticed a death yak
 19122 | Gauntlet | Noticed a death yak
 19122 | Gauntlet | Noticed a death yak
 19127 | Gauntlet | Found a transporter.
 19131 | Gauntlet | Found a transporter.
 19145 | Gauntlet | Found a transporter.
 19235 | Gauntlet | Found a transporter.
 19245 | Gauntlet | Found a transporter.
 19249 | Gauntlet | Found a transporter.
 19259 | Gauntlet | Found a transporter.
 19384 | Gauntlet | Identified the +5 plate armour "Ylucug" {Will+}
 19462 | Gauntlet | Killed a death yak
 19464 | Gauntlet | Killed a death yak
 19474 | Gauntlet | Killed a death yak
 19474 | Gauntlet | Reached **** piety under Okawaru
 19490 | Gauntlet | Killed a death yak
 19500 | Gauntlet | HP: 1/110 [death yak simulacrum (18)]
 19502 | Gauntlet | Mangled by a death yak simulacrum

Illustrated notes

Levels and vault maps discovered:
D:1:      eino_arrival_tree_alley, layout_basic, ebering_ecumenical_altar_mist
D:2:      layout_rooms, kennysheep_generic_room_15
D:3:      layout_loops_ring, mainiacjoe_overflow_surrounded_room,
          chequers_serial_rivers_micro_c, hangedman_decor_push,
          uniq_crazy_yiuf_cottage
D:4:      layout_loops_ring, bloody_makhleb, lightli_sewer_entry_pipes,
          dk_rats_in_the_wall, uniq_sigmund, uniq_menkaure
D:5:      layout_loops_cross, serial_shops, nicolae_shop_advertising_works
          [nicolae_subvault_shop_adworks], nicolae_shop_crystal,
          nicolae_take_the_stairs
D:6:      layout_gridville, minmay_temple_entry_trees, serial_shops,
          nicolae_shop_bloodbath_and_beyond, uniq_duvessa, uniq_pikel
D:7:      layout_rooms, nicolae_fountain_basement
D:8:      layout_loops_ring, grunt_qazlal_clouds, lemuel_doored_altar,
          uniq_psyche
D:9:      layout_roguey, lair_entry_dummy, orc_0_dummy, uniq_gastronok,
          uniq_joseph, uniq_prince_ribbit1
D:10:     layout_rooms, minmay_splitting_lines, eino_tiny_chamber,
          nicolae_elevator_lobby_asterisk
D:11:     layout_rooms, enter_trove_3, serial_shops, shop, grunt_livestock,
          uniq_lodul
D:12:     layout_irregular_city
Temple:   mainiacjoe_temple_bowtie_tessellation
Lair:1:   layout_chaotic_city, grunt_megastairs_5, lemuel_fruit_tree
Lair:2:   layout_cellular_growth, minmay_snake_entry_six_corridors,
          gauntlet_entry_generic
Gauntlet: gammafunk_gauntlet_hard_choice [gammafunk_gauntlet_arena_spirals,
          gammafunk_gauntlet_arena_crates, gammafunk_gauntlet_arena_hedges,
          nicolae_gauntlet_arena_flowing_pool,
          gammafunk_gauntlet_arena_split_diamond, nicolae_gauntlet_arena_x,
          gauntlet_exit_watery]

Skill      XL: |  1  2  3  4  5  6  7  8  9 10 11 12 |
---------------+-------------------------------------+-----
Shields        | 4 6 7 8 10 12 | 12.2
Armour         | 4 5 7 8 10 11 13 14 | 14.1
Long Blades    | 3 4 5 6 7 9 10 11 13 14 | 14.8
Fighting       | 4 5 6 7 8 10 11 | 11.0
Dodging        | 1 2 3 |  3.7
Stealth        | 1 |  1.2
Invocations    | 1 2 |  2.8
Unarmed Combat | 1 |  1.7
Evocations     | |  0.4

Action                   |  1- 3 |  4- 6 |  7- 9 | 10-12 || total
-------------------------+-------+-------+-------+-------++-------
Melee: Long sword        |    80 |       |       |       ||    80
       Headbutt          |    11 |    24 |    74 |   206 ||   315
       Falchion          |    22 |   183 |   349 |   450 ||  1004
       Unarmed           |       |       |     7 |     9 ||    16
       Double sword      |       |       |       |   322 ||   322
Invok: Heroism           |       |       |       |    35 ||    35
Evoke: Wand              |       |       |     1 |     4 ||     5
  Use: Scroll            |     3 |     1 |     4 |    17 ||    25
       Potion            |     1 |       |     4 |     8 ||    13
Armor: Scale mail        |    51 |    58 |    45 |       ||   154
       Plate armour      |       |       |   118 |   232 ||   350
       Skin              |       |       |     3 |       ||     3
Dodge: Dodged            |    50 |    65 |   124 |   185 ||   424
Block: Buckler           |    19 |    31 |    30 |       ||    80
       Kite shield       |       |       |   126 |   463 ||   589
       Reflection        |       |       |       |     1 ||     1
